 Dungeon Crawl Stone Soup version 0.27-a0-1290-g15d3ce7508 (webtiles) character file.

Game seed: 5253279818551228776

2535 Glokmah the Quickloader (level 9, 0/69 HPs)
             Began as a Demonspawn Hunter on June 15, 2021.
             Was an Initiate of Okawaru.
             Slain by Maggie (5 damage)
             ... on level 7 of the Dungeon.
             The game lasted 00:16:44 (9766 turns).

Glokmah the Quickloader (Demonspawn Hunter)         Turns: 9766, Time: 00:16:45

Health: 0/69       AC:  6    Str: 15    XL:     9   Next: 30%
Magic:  12/12      EV: 17    Int: 19    God:    Okawaru [......]
Gold:   410        SH:  0    Dex: 14    Spells: 10/13 levels left

rFire    . . .     SeeInvis .   f - +6 dagger (flame)
rCold    . . .     Faith    +   (no shield)
rNeg     . . .     Spirit   .   h - +1 ring mail {Will+}
rPois    .         Reflect  .   (helmet restricted)
rElec    .         Harm     .   (no cloak)
rCorr    .         Rampage  .   (no gloves)
Will     +....                  (no boots)
Stlth    ..........             c - amulet of faith
HPRegen  0.21/turn              w - +6 ring of intelligence
MPRegen  0.13/turn              o - +4 ring of evasion

@: mighty, silenced, hasted, very quick
A: antennae 1, powered by death 2, sturdy frame 2
a: Renounce Religion


You were on level 7 of the Dungeon.
You worshipped Okawaru.
Okawaru was noncommittal.
You visited 2 branches of the dungeon, and saw 8 of its levels.

You collected 410 gold pieces.

Inventory:

Hand Weapons
 a - a +1 hand crossbow of venom
 b - a +0 dagger of venom
 f - a +6 dagger of flaming (weapon)
Missiles
 d - 27 bolts
 g - 268 stones (quivered)
 m - 14 poisoned darts
 r - 2 boomerangs
 v - 7 javelins
 x - 2 datura-tipped darts
 z - 2 throwing nets
Armour
 h - a +1 ring mail of willpower (worn)
 p - a +0 plate armour
 u - a +0 scale mail
Jewellery
 c - an amulet of faith (around neck)
 k - a ring of magical power
 o - a +4 ring of evasion (right hand)
 w - a +6 ring of intelligence (left hand)
Wands
 t - a wand of flame (1)
 A - a wand of digging (7)
Scrolls
 l - a scroll of silence
 y - a scroll of enchant weapon {unknown}
Potions
 e - a potion of flight
 i - 2 potions of ambrosia
 j - a potion of might
 s - a potion of magic {unknown}
 B - a potion of attraction {unknown}


   Skills:
 + Level 6.1 Fighting
 * Level 8.5 Crossbows
 + Level 2.5 Armour
 - Level 4.0 Dodging
 - Level 0.8 Stealth
 + Level 2.5 Spellcasting
 * Level 3.7 Air Magic
 + Level 1.2 Invocations


You had 10 spell levels left.
You knew the following spells:

 Your Spells              Type           Power      Damage    Failure   Level
a - Swiftness             Air            16%        N/A       11%         3

Your spell library contained the following spells:

 Spells                   Type           Power      Damage    Failure   Level
 Shock                    Conj/Air       36%        1d5       9%          1
 Poisonous Vapours        Pois/Air       18%        N/A       12%         2
 Static Discharge         Conj/Air       9%         N/A       12%         2
 Animate Skeleton         Necr           4%         N/A       19%         1
 Apportation              Tloc           4%         N/A       19%         1
 Corona                   Hex            2%         N/A       19%         1
 Sting                    Tmut/Pois      8%         1d3       19%         1
 Summon Small Mammal      Summ           8%         N/A       19%         1
 Call Imp                 Summ           2%         N/A       26%         2
 Mephitic Cloud           Conj/Pois/Air  7%         N/A       32%         3
 Airstrike                Air            8%         N/A       36%         4
 Call Canine Familiar     Summ           2%         N/A       47%         3
 Ignite Poison            Fire/Tmut/Pois 2%         N/A       47%         3
 Summon Guardian Golem    Hex/Summ       2%         N/A       47%         3
 Summon Lightning Spire   Summ/Air       9%         N/A       63%         4
 Olgreb's Toxic Radiance  Pois           2%         N/A       87%         4
 Summon Ice Beast         Ice/Summ       2%         N/A       87%         4
 Lightning Bolt           Conj/Air       4%         1d16      92%         5


Dungeon Overview and Level Annotations

Branches:
Dungeon (7/15)             Temple (1/1) D:7

Altars:
Ashenzari
Dithmenos
Elyvilon
Fedhas
Gozag
Hepliaklqana
Kikubaaqudgha
Makhleb
Nemelex Xobeh
Okawaru
Qazlal
Ru
Sif Muna
Uskayaw
Vehumet
Wu Jian
Xom
Yredelemnul
The Shining One

Annotations:
D:7 Maggie


Innate Abilities, Weirdness & Mutations

You have a pair of small antennae on your head.
You regenerate health from kills.
Your movements are less encumbered by armour. (ER -4)


Message History

Fire: 28 bolts
Press: ? - help, Q - select action, (/) - cycle Shift-Dir - straight line, f/p - Maggie
Aim: Maggie, wielding a +1 war axe of flaming and wearing +2 swamp dragon scales (moderately wounded, 73% to hit)
You shoot a bolt. The bolt hits Maggie.
Maggie is moderately wounded.
Maggie completely misses you.
You feel very mighty all of a sudden.
Maggie gestures wildly while chanting.
Maggie attempts to bespell you! You resist with some effort.
Your +1 hand crossbow of venom stops dripping with poison.
Your +6 dagger of flaming bursts into flame!
f - a +6 dagger of flaming (weapon)
You barely miss Maggie.
Maggie is moderately wounded.
Maggie casts a spell at you. The bolt of fire hits you!!
Ouch! That really hurt!
You hit Maggie. You burn Maggie.
Maggie is heavily wounded.
Maggie hits you with a +1 war axe of flaming!
Maggie burns you.
You hit Maggie. You burn Maggie.
Maggie is heavily wounded.
Maggie casts a spell.
Maggie attempts to bespell you! You resist with almost no effort.
Okay, then.
You feel yourself speed up. Maggie closely misses you.
You hit Maggie. You burn Maggie.
Maggie is heavily wounded.
Maggie mumbles the words to a spell, but in the wrong order.
Maggie hits you with a +1 war axe of flaming!
* * * LOW HITPOINT WARNING * * *
Maggie burns you.
* * * LOW HITPOINT WARNING * * *
As you read the scroll of silence, it crumbles to dust.
A profound silence engulfs you.
You puncture Maggie! You burn Maggie.
Maggie is severely wounded.
Maggie hits you with a +1 war axe of flaming.
You die...

# ..#####(...# #
#.####.(...# # .. ..'.....#
# #. ###.(...#.# # #.
#.(.......# # #.
#(#.(.###.# # #. #(#...# #
#.##@#...# # #..@.#...# #.#
# ########.# #.# # #.# #.#
# #.###.###+## #
#@.##......# # ##
.......#.##......# # #..
.......#..#......# #
#.#######.......+.........#
#
#...........(...##........#


You could see Maggie.

Vanquished Creatures
  Joseph (D:7)
  A komodo dragon (D:6)
  An orc warrior (D:6)
  2 ice beasts
  A black bear (D:5)
  A necrophage (D:5)
  2 ogres
  2 centaurs
  A phantom (D:5)
  A bullfrog (D:7)
  2 scorpions
  2 howler monkeys
  A crimson imp (D:7)
  A bullfrog zombie (D:5)
  A gnoll shaman (D:5)
  2 hounds
  2 centaur zombies
  6 orc priests
  2 centaur skeletons
  2 iguanas
  4 orc wizards
  3 hound skeletons
  A howler monkey skeleton (D:6)
  3 gnolls (D:5)
  4 adders
  A worm (D:2)
  A dart slug (D:4)
  12 orcs
  6 endoplasms
  4 giant cockroaches
  5 goblins
  8 hobgoblins
  7 jackals
  3 quokkas
  4 ball pythons
  4 bats
  5 frilled lizards
  8 kobolds
  3 rats
120 creatures vanquished.

Vanquished Creatures (collateral kills)
  A howler monkey skeleton (D:4)
1 creature vanquished.

Grand Total: 121 creatures vanquished

Notes
Turn   | Place    | Note
-------+----------+-------------------------------------------
     0 | D:1      | Glokmah the Demonspawn Hunter began the quest for the Orb.
     0 | D:1      | Reached XP level 1. HP: 16/16 MP: 1/1
   735 | D:1      | Gained mutation: Your movements are slightly less
                  | encumbered by armour. (ER -2) [demonic ancestry]
   735 | D:1      | Reached XP level 2. HP: 19/22 MP: 2/2
   978 | D:1      | Reached skill level 4 in Crossbows
  1713 | D:2      | Found a faded altar of an unknown god.
  2300 | D:2      | Gained mutation: You regenerate a little health from kills.
                  | [demonic ancestry]
  2300 | D:2      | Reached XP level 3. HP: 28/28 MP: 3/3
  3313 | D:3      | Gained mutation: You regenerate health from kills. [demonic
                  | ancestry]
  3313 | D:3      | Reached XP level 4. HP: 34/34 MP: 4/4
  3325 | D:3      | Found a large runed translucent door.
  3325 | D:3      | Found a large runed translucent door.
  3340 | D:3      | Found a shimmering blue altar of Sif Muna.
  3343 | D:3      | Found a broken altar of Ashenzari.
  3576 | D:3      | Noticed an ogre
  3602 | D:3      | Killed an ogre
  3603 | D:3      | Reached XP level 5. HP: 11/41 MP: 5/5
  3930 | D:3      | Reached skill level 5 in Crossbows
  4400 | D:4      | Reached XP level 6. HP: 47/47 MP: 6/6
  4808 | D:4      | Found a shadowy altar of Dithmenos.
  5249 | D:5      | Entered Level 5 of the Dungeon
  5325 | D:5      | Reached skill level 6 in Crossbows
  5355 | D:5      | Gained mutation: You have a pair of small antennae on your
                  | head. [demonic ancestry]
  5355 | D:5      | Reached XP level 7. HP: 54/54 MP: 7/7
  5868 | D:5      | Reached skill level 7 in Crossbows
  6161 | D:5      | Reached skill level 5 in Fighting
  6270 | D:5      | Reached XP level 8. HP: 61/62 MP: 8/8
  6274 | D:5      | Learned a level 3 spell: Swiftness
  6804 | D:6      | Found a stormy altar of Qazlal.
  6829 | D:6      | Reached skill level 1 in Air Magic
  6901 | D:6      | Reached skill level 1 in Armour
  6901 | D:6      | Reached skill level 1 in Spellcasting
  7959 | D:7      | Noticed Maggie
  7992 | D:7      | Noticed Joseph
  7992 | D:7      | Noticed a komodo dragon
  8004 | D:7      | HP: 1/63 [komodo dragon (18)]
  8091 | D:6      | Killed a komodo dragon
  8092 | D:6      | Reached skill level 8 in Crossbows
  8677 | D:7      | Killed Joseph
  8678 | D:7      | Gained mutation: Your movements are less encumbered by
                  | armour. (ER -4) [demonic ancestry]
  8678 | D:7      | Reached XP level 9. HP: 42/69 MP: 12/12
  8970 | D:7      | Found a sacrificial altar of Ru.
  9026 | D:7      | Found a staircase to the Ecumenical Temple.
  9033 | Temple   | Entered the Ecumenical Temple
  9096 | Temple   | Became a worshipper of Warmaster Okawaru
  9131 | D:7      | Found a burning altar of Makhleb.
  9131 | D:7      | Found a radiant altar of Vehumet.
  9666 | D:7      | Reached skill level 1 in Invocations
  9766 | D:7      | Slain by Maggie

Illustrated notes

Levels and vault maps discovered:
D:1:      amcnicky_arrival_single_pillar, layout_basic
D:2:      layout_loops_ring, hellmonk_ecumenical_altar_dog_temple,
          minmay_diced_spiral
D:3:      layout_rooms, jmf_multi_god_temple2, minmay_misc_feat_more_columns,
          minmay_randomly_rotated_circles
D:4:      wad_crossroads, layout_cave_pools, grunt_dithmenos_smoke_and_mirrors
D:5:      layout_basic
D:6:      layout_layer_cave, grunt_qazlal_clouds
D:7:      minmay_evil_eye, layout_basic,
          grunt_temple_overflow_lords_of_destruction,
          nicolae_ru_great_annihilating_truth, general_overflow_altar,
          minmay_temple_entry_statues_fountains, uniq_prince_ribbit1,
          uniq_joseph, uniq_maggie
Temple:   nicolae_temple_x_marks_the_god

Skill      XL: |  1  2  3  4  5  6  7  8  9 |
---------------+----------------------------+-----
Dodging        | 2 3 4 |  4.0
Crossbows      | 4 5 6 7 8 |  8.5
Fighting       | 3 4 5 6 |  6.1
Air Magic      | 3 |  3.7
Armour         | 2 |  2.5
Spellcasting   | 2 |  2.5
Invocations    | 1 |  1.2
Stealth        | |  0.8

Action                   |  1- 3 |  4- 6 |  7- 9 || total
-------------------------+-------+-------+-------++-------
Melee: Short sword       |   111 |       |       ||   111
       Dagger            |    55 |    63 |    20 ||   138
 Fire: Hand crossbow     |    33 |    34 |   179 ||   246
  Use: Scroll            |       |    15 |     6 ||    21
       Potion            |       |       |     9 ||     9
 Stab: Sleeping          |     2 |       |       ||     2
Armor: Leather armour    |    53 |       |       ||    53
       Ring mail         |     9 |    36 |       ||    45
       Scale mail        |       |       |    23 ||    23
Dodge: Dodged            |   138 |    49 |    85 ||   272

Table legend: (Time is in decaauts)
 A = Elapsed time spent in this place.
 B = Non-inter-level travel time spent in this place.
 C = Inter-level travel time spent in this place.
 D = Time resting spent in this place.
 E = Time spent auto-exploring this place.
 F = Levels seen in this place.
 G = Mean time per level.
                   A        B        C        D        E       F      G
               +--------+--------+--------+--------+--------+-----+--------+
         Total |   9810 |   9317 |    493 |   1814 |   5817 |   8 | 1226.2 |
       Dungeon |   9738 |   9258 |    480 |   1814 |   5767 |   7 | 1391.1 |
        Temple |     71 |     58 |     13 |      0 |     50 |   1 |   71.0 |
               +--------+--------+--------+--------+--------+-----+--------+

Top non-repeatable levels by time:
     D:6: 2219 daAuts
     D:1: 1719 daAuts
     D:2: 1444 daAuts
     D:5: 1367 daAuts
     D:3: 1071 daAuts
     D:4: 1034 daAuts
     D:7: 881 daAuts
  Temple: 71 daAuts
